BOSTON Bruins vs DALLAS Stars

Created - 19 février 2024 at 21:27

Goals
1 2 3 T
BOSTON Bruins 1 0 1 2
DALLAS Stars 1 0 3 4
Shots
1 2 3 T
BOSTON Bruins 11 15 19 45
DALLAS Stars 2 5 10 17

1st period

1. DALLAS Stars , Alexander Radulov 1 (Aliaksei Protas 1, Sean Walker 2) at 4:13
2. BOSTON Bruins , Kirill Kaprizov 4 (Joel Eriksson Ek 3) at 6:57

Penalties :
No Penalty

2nd period

No Goal

Penalties :
Peyton Krebs (DAL) for Hooking (Minor) at 0:06, Juuso Valimaki (DAL) for Cross-checking (Minor) at 4:55, Matt Dumba (BOS) for Slashing (Minor) at 18:21

3rd period

3. DALLAS Stars , Juuso Valimaki 2 (Viktor Arvidsson 3, Nicklas Backstrom 3) at 0:06 (PP)
4. DALLAS Stars , Viktor Arvidsson 5 (Ryan Suter 5, Sonny Milano 3) at 0:22
5. DALLAS Stars , Jesperi Kotkaniemi 3 (Brendan Gallagher 3, Marc-Edouard Vlasic 5) at 6:21
6. BOSTON Bruins , Michael Pezzetta 1 (Phil Kessel 1, Matt Dumba 4) at 14:12

Penalties :
Patrik Nemeth (DAL) for Holding (Minor) at 11:29, Matt Dumba (BOS) for Tripping (Minor) at 18:08

Goalie Stats

Tristan Jarry (BOS), 13 saves from 17 shots - (0,765), L, 5-5-2, 60:00 minutes
Carter Hart (DAL), 43 saves from 45 shots - (0,956), W, 5-5-0, 60:00 minutes

Players Stats for BOSTON Bruins

Player Name              G  A  P  +/- PIM S  H  SB GA TA FO     MP     PP MP  PK MP  
------------------------------------------------------------------------------------
Adam Lowry               0  0  0   1  0   0  0  0  0  0  8/11    8:49   0:00   2:18 
Adrian Kempe             0  0  0  -3  0   6  2  0  0  0  1/1    20:07   3:04   0:00 
Andrew Peeke             0  0  0   2  0   0  0  2  0  0  0/0    21:33   0:00   2:30 
Blake Wheeler            0  0  0   0  0   2  0  0  0  0  0/2    10:06   0:00   0:00 
Bo Horvat                0  0  0  -3  0   3  2  1  0  0  20/27  20:07   3:04   0:00 
Brad Hunt                0  0  0   0  0   0  0  0  0  0  0/0    11:32   0:00   0:28 
Brad Marchand            0  0  0  -3  0   5  2  0  0  0  1/3    23:02   3:04   2:55 
Frank Vatrano            0  0  0   1  0   2  2  0  0  0  4/4    19:40   2:53   0:00 
Jaycob Megna             0  0  0   0  0   1  4  0  0  0  0/0    11:58   0:00   0:54 
Joel Eriksson Ek         0  1  1   1  0   3  3  1  0  0  12/21  19:40   2:53   0:00 
Kirill Kaprizov          1  0  1   1  0   6  1  0  0  0  0/1    19:51   3:04   0:00 
Matt Dumba               0  1  1   2  4   1  5  0  0  0  0/0    21:54   2:53   0:00 
Michael Pezzetta         1  0  1   1  0   1  2  0  0  0  0/0     6:31   0:00   0:00 
Nathan Walker            0  0  0   0  0   1  0  0  0  0  1/2    10:47   0:00   0:41 
Phil Kessel              0  1  1   1  0   1  0  0  0  0  0/0     6:31   0:00   0:00 
Shea Theodore            0  0  0  -3  0   4  1  2  0  0  0/0    24:51   2:53   1:38 
Tomas Hertl              0  0  0   0  0   4  2  0  0  0  10/14  14:17   2:53   1:18 
Victor Hedman            0  0  0  -3  0   5  3  1  0  0  0/0    25:06   3:04   1:42 

Players Stats for DALLAS Stars

Player Name              G  A  P  +/- PIM S  H  SB GA TA FO     MP     PP MP  PK MP  
------------------------------------------------------------------------------------
Alexander Radulov        1  0  1   1  0   2  0  0  0  0  0/2    13:51   1:45   0:33 
Aliaksei Protas          0  1  1   1  0   0  0  0  0  0  0/0    15:58   0:00   4:25 
Andreas Johnsson         0  0  0  -1  0   0  0  1  0  0  0/1     8:38   0:00   0:00 
Brendan Gallagher        0  1  1   1  0   0  1  0  0  0  0/1    16:59   0:38   1:32 
Cal Clutterbuck          0  0  0  -1  0   1  4  0  0  0  0/0     8:38   0:00   0:00 
Conor Timmins            0  0  0   1  0   0  1  2  0  0  0/0    22:00   1:45   3:19 
Emil Bemstrom            0  0  0   1  0   2  0  0  0  0  1/2    16:15   1:26   0:00 
Jesperi Kotkaniemi       1  0  1   1  0   3  0  0  0  0  12/20  15:58   1:09   0:00 
Juuso Valimaki           1  0  1  -1  2   1  0  1  0  0  0/0    22:00   1:51   2:03 
Marc-Edouard Vlasic      0  1  1   1  0   0  7  2  0  0  0/0    19:34   0:00   2:38 
Nicklas Backstrom        0  1  1   1  0   2  1  0  0  0  2/9    13:43   2:10   0:00 
Patrik Nemeth            0  0  0   1  2   0  2  3  0  0  0/0    16:23   0:00   1:00 
Paul Cotter              0  0  0  -1  0   0  1  0  0  0  7/25   12:30   0:00   3:52 
Peyton Krebs             0  0  0   0  2   2  5  0  0  0  7/22   17:15   1:49   0:00 
Ryan Suter               0  1  1  -1  0   0  0  1  0  0  0/0    20:14   1:51   0:16 
Sean Walker              0  1  1   1  0   0  4  1  0  0  0/0    18:02   0:00   2:38 
Sonny Milano             0  1  1   0  0   2  1  0  0  0  0/4    18:25   1:26   1:32 
Viktor Arvidsson         1  1  2   0  0   2  1  0  0  0  0/0    17:37   2:10   0:00 

3 Stars

1 - Carter Hart (DAL)
2 - Marc-Edouard Vlasic (DAL)
3 - Viktor Arvidsson (DAL)

Power Play

BOSTON Bruins - 0 on 3 Attempt(s) - 0,00%
DALLAS Stars - 1 on 2 Attempt(s) - 50,00%

Penalty Kill

BOSTON Bruins - 1 on 2 Attempt(s) - 50,00% - Score 0 goal in Penalty Kill
DALLAS Stars - 3 on 3 Attempt(s) - 100,00% - Score 0 goal in Penalty Kill

Team Stat

BOSTON Bruins - Hits : 29 - Faceoff Wins : 57 - Blocked Shots : 7 - Penalty Minutes : 4
DALLAS Stars - Hits : 28 - Faceoff Wins : 29 - Blocked Shots : 11 - Penalty Minutes : 6

Official

Referees : Jacqueline Howard and Maria Furberg
Linesman : Caleb Apperson and Anna Hammar

Game Notes

No Game Note

Finance

Level 1 -- Attendance: 4048 (62,28%) -- Ticket Income $485,760
Level 2 -- Attendance: 3312 (55,20%) -- Ticket Income $225,216
Level 3 -- Attendance: 2178 (54,45%) -- Ticket Income $74,052
Level 4 -- Attendance: 2272 (50,49%) -- Ticket Income $68,160
Luxury Box -- Attendance: 692 (69,20%) -- Ticket Income $152,240
Game was played at the American Airlines Center.
Total Attendance: 12502 (56,83%)
Total Ticket Income: $1,005,428
Other Income: $251,357
Total Income: $1,256,785

BOSTON Bruins

5 vs 5 Forward 
   Center                   Left Wing                Right Wing               Time % Phy DF OF 
 1 Bo Horvat                Brad Marchand            Adrian Kempe             38     1   2  2  
 2 Joel Eriksson Ek         Kirill Kaprizov          Frank Vatrano            34     1   2  2  
 3 Tomas Hertl              Nathan Walker            Blake Wheeler            20     1   2  2  
 4 Adam Lowry               Michael Pezzetta         Phil Kessel              8      1   2  2  

5 vs 5 Defense 
   Defense                  Defense                                           Time % Phy DF OF 
 1 Victor Hedman            Shea Theodore                                     43     1   2  2  
 2 Andrew Peeke             Matt Dumba                                        41     1   3  1  
 3 Jaycob Megna             Brad Hunt                                         16     2   2  1  
 4 Victor Hedman            Shea Theodore                                     0      1   2  2  

PowerPlay Forward 
   Center                   Left Wing                Right Wing               Time % Phy DF OF 
 1 Bo Horvat                Brad Marchand            Adrian Kempe             60     1   2  2  
 2 Tomas Hertl              Joel Eriksson Ek         Frank Vatrano            40     1   2  2  

PowerPlay Defense
   Defense                  Defense                                           Time % Phy DF OF 
 1 Victor Hedman            Kirill Kaprizov                                   60     1   2  2  
 2 Matt Dumba               Shea Theodore                                     40     1   2  2  

Penalty Kill 4 Players Forward 
   Center                   Wing                     Time % Phy DF OF 
 1 Adam Lowry               Brad Marchand            60     1   2  2  
 2 Joel Eriksson Ek         Andrew Peeke             40     1   2  2  

Penalty Kill 4 Players Defense
   Defense                  Defense                  Time % Phy DF OF 
 1 Victor Hedman            Andrew Peeke             60     1   2  2  
 2 Matt Dumba               Shea Theodore            40     1   2  2  

Penalty Kill - 3 Players Forward 
   Forward                                           Time % Phy DF OF 
 1 Adam Lowry                                        60     1   2  2  
 2 Joel Eriksson Ek                                  40     1   2  2  

Penalty Kill - 3 Players Defense
   Defense                  Defense                  Time % Phy DF OF 
 1 Victor Hedman            Andrew Peeke             60     1   2  2  
 2 Matt Dumba               Shea Theodore            40     1   2  2  

4 vs 4 Forward 
   Center                   Wing                     Time % Phy DF OF 
 1 Bo Horvat                Brad Marchand            60     1   2  2  
 2 Joel Eriksson Ek         Adrian Kempe             40     1   2  2  

4 vs 4 Defense
   Defense                  Defense                  Time % Phy DF OF 
 1 Victor Hedman            Shea Theodore            60     1   2  2  
 2 Andrew Peeke             Matt Dumba               40     1   2  2  

Last Minutes Offensive
   Center                   Left Wing                Right Wing               Defense                  Defense                  
   Bo Horvat                Kirill Kaprizov          Andrew Peeke             Victor Hedman            Shea Theodore            

Last Minutes Defensive
   Center                   Left Wing                Right Wing               Defense                  Defense                  
   Bo Horvat                Brad Marchand            Adrian Kempe             Victor Hedman            Andrew Peeke             

Goaltenders
Starting : Tristan Jarry            
Backup : Casey DeSmith            

Extra Forwards
Normal : Kirill Kaprizov, Tomas Hertl, Brad Marchand - PP : Kirill Kaprizov, Tomas Hertl - PK : Adam Lowry
Extra Defensemen
Normal : Victor Hedman, Shea Theodore, Matt Dumba - PP : Victor Hedman - PK : Andrew Peeke, Victor Hedman
Penalty Shots
Bo Horvat, Adrian Kempe, Kirill Kaprizov, Tomas Hertl, Brad Marchand

Scratches
None

DALLAS Stars

5 vs 5 Forward 
   Center                   Left Wing                Right Wing               Time % Phy DF OF 
 1 Peyton Krebs             Viktor Arvidsson         Sonny Milano             35     1   2  2  
 2 Jesperi Kotkaniemi       Emil Bemstrom            Brendan Gallagher        30     1   2  2  
 3 Nicklas Backstrom        Alexander Radulov        Aliaksei Protas          20     1   2  2  
 4 Paul Cotter              Andreas Johnsson         Cal Clutterbuck          15     1   2  2  

5 vs 5 Defense 
   Defense                  Defense                                           Time % Phy DF OF 
 1 Juuso Valimaki           Ryan Suter                                        40     1   1  3  
 2 Marc-Edouard Vlasic      Conor Timmins                                     30     1   2  2  
 3 Sean Walker              Patrik Nemeth                                     20     2   2  1  
 4 Conor Timmins            Marc-Edouard Vlasic                               10     1   2  2  

PowerPlay Forward 
   Center                   Left Wing                Right Wing               Time % Phy DF OF 
 1 Nicklas Backstrom        Viktor Arvidsson         Jesperi Kotkaniemi       60     1   2  2  
 2 Peyton Krebs             Sonny Milano             Emil Bemstrom            40     1   2  2  

PowerPlay Defense
   Defense                  Defense                                           Time % Phy DF OF 
 1 Juuso Valimaki           Ryan Suter                                        60     1   2  2  
 2 Alexander Radulov        Conor Timmins                                     40     1   1  3  

Penalty Kill 4 Players Forward 
   Center                   Wing                     Time % Phy DF OF 
 1 Paul Cotter              Aliaksei Protas          60     1   2  2  
 2 Sonny Milano             Brendan Gallagher        40     1   2  2  

Penalty Kill 4 Players Defense
   Defense                  Defense                  Time % Phy DF OF 
 1 Marc-Edouard Vlasic      Sean Walker              60     1   2  2  
 2 Conor Timmins            Juuso Valimaki           40     1   2  2  

Penalty Kill - 3 Players Forward 
   Forward                                           Time % Phy DF OF 
 1 Paul Cotter                                       60     1   2  2  
 2 Cal Clutterbuck                                   40     1   2  2  

Penalty Kill - 3 Players Defense
   Defense                  Defense                  Time % Phy DF OF 
 1 Marc-Edouard Vlasic      Ryan Suter               60     1   2  2  
 2 Sean Walker              Juuso Valimaki           40     1   2  2  

4 vs 4 Forward 
   Center                   Wing                     Time % Phy DF OF 
 1 Jesperi Kotkaniemi       Emil Bemstrom            60     1   2  2  
 2 Peyton Krebs             Brendan Gallagher        40     1   2  2  

4 vs 4 Defense
   Defense                  Defense                  Time % Phy DF OF 
 1 Marc-Edouard Vlasic      Juuso Valimaki           60     1   2  2  
 2 Conor Timmins            Ryan Suter               40     1   2  2  

Last Minutes Offensive
   Center                   Left Wing                Right Wing               Defense                  Defense                  
   Peyton Krebs             Jesperi Kotkaniemi       Brendan Gallagher        Conor Timmins            Juuso Valimaki           

Last Minutes Defensive
   Center                   Left Wing                Right Wing               Defense                  Defense                  
   Paul Cotter              Aliaksei Protas          Cal Clutterbuck          Marc-Edouard Vlasic      Ryan Suter               

Goaltenders
Starting : Carter Hart              
Backup : Matthew Villalta         

Extra Forwards
Normal : Brendan Gallagher, Peyton Krebs, Alexander Radulov - PP : Brendan Gallagher, Peyton Krebs - PK : Alexander Radulov
Extra Defensemen
Normal : Sean Walker, Juuso Valimaki, Conor Timmins - PP : Sean Walker - PK : Juuso Valimaki, Conor Timmins
Penalty Shots
Viktor Arvidsson, Jesperi Kotkaniemi, Sonny Milano, Nicklas Backstrom, Peyton Krebs

Scratches
Zach Senyshyn (Healthy)

% Time on Ice - BOSTON Bruins

Lines # - Real PCT - Wanted PCT - Time Play
Normal Forward
1 - 34% - 38% - 17:03
2 - 33% - 34% - 16:47
3 - 20% - 20% - 10:06
4 - 13% - 8% - 6:31
Normal Defense
1 - 39% - 43% - 19:32
2 - 38% - 41% - 19:03
3 - 22% - 16% - 11:04
4 - 2% - 0% - 0:48
PP Forward
1 - 52% - 60% - 3:04
2 - 48% - 40% - 2:53
PP Defense
1 - 52% - 60% - 3:04
2 - 48% - 40% - 2:53
PK Forward
1 - 100% - 60% - 3:36
2 - 0% - 40% - 0:00
PK Defense
1 - 42% - 60% - 1:30
2 - 58% - 40% - 2:06
PK3 Forward
1 - 0% - 60%
2 - 0% - 40%
PK3 Defense
1 - 0% - 60%
2 - 0% - 40%
44 Forward
1 - 0% - 60%
2 - 0% - 40%
44 Defense
1 - 0% - 60%
2 - 0% - 40%
Last Minute Offensive  - 0:00
Last Minute Defensive  - 0:00
Total
Forward - 60:00
Defense - 60:00

% Time on Ice - DALLAS Stars

Lines # - Real PCT - Wanted PCT - Time Play
Normal Forward
1 - 31% - 35% - 15:27
2 - 29% - 30% - 14:49
3 - 23% - 20% - 11:33
4 - 17% - 15% - 8:38
Normal Defense
1 - 36% - 40% - 18:07
2 - 28% - 30% - 13:54
3 - 31% - 20% - 15:24
4 - 6% - 10% - 3:02
PP Forward
1 - 60% - 60% - 2:10
2 - 40% - 40% - 1:26
PP Defense
1 - 51% - 60% - 1:51
2 - 49% - 40% - 1:45
PK Forward
1 - 74% - 60% - 4:25
2 - 26% - 40% - 1:32
PK Defense
1 - 44% - 60% - 2:38
2 - 56% - 40% - 3:19
PK3 Forward
1 - 0% - 60%
2 - 0% - 40%
PK3 Defense
1 - 0% - 60%
2 - 0% - 40%
44 Forward
1 - 0% - 60%
2 - 0% - 40%
44 Defense
1 - 0% - 60%
2 - 0% - 40%
Last Minute Offensive  - 0:00
Last Minute Defensive  - 0:00
Total
Forward - 60:00
Defense - 60:00

Play-by-Play

1st period


0:01 of 1st period - Bo Horvat wins face-off versus Peyton Krebs in neutral zone.
0:24 of 1st period - Shot by Viktor Arvidsson.
0:24 of 1st period - Shot Hit the Post.
0:35 of 1st period - Peyton Krebs is hit by Shea Theodore.
1:00 of 1st period - Off-side.
1:01 of 1st period - Nicklas Backstrom wins face-off versus Joel Eriksson Ek in neutral zone.
1:01 of 1st period - Alexander Radulov is hit by Frank Vatrano and loses puck.
1:08 of 1st period - Shot by Nicklas Backstrom.
1:08 of 1st period - Shot Misses the Net.
1:10 of 1st period - Shot by Alexander Radulov.
1:10 of 1st period - Deflect By Aliaksei Protas.
1:10 of 1st period - Shot Blocked by Andrew Peeke.
1:13 of 1st period - Aliaksei Protas is hit by Matt Dumba.
1:33 of 1st period - Shot by Kirill Kaprizov.
1:33 of 1st period - Stopped by Carter Hart without a rebound.
1:34 of 1st period - Tomas Hertl wins face-off versus Jesperi Kotkaniemi in DALLAS Stars zone.
1:53 of 1st period - Shot by Jesperi Kotkaniemi.
1:53 of 1st period - Stopped by Tristan Jarry without a rebound.
1:54 of 1st period - Paul Cotter wins face-off versus Adam Lowry in BOSTON Bruins zone.
3:05 of 1st period - Shot by Kirill Kaprizov.
3:05 of 1st period - Shot Misses the Net.
3:23 of 1st period - Shot by Joel Eriksson Ek.
3:23 of 1st period - Shot Misses the Net.
3:25 of 1st period - Shot by Kirill Kaprizov.
3:25 of 1st period - Shot Hit the Post.
3:32 of 1st period - Icing by Conor Timmins.
3:33 of 1st period - Jesperi Kotkaniemi wins face-off versus Tomas Hertl in DALLAS Stars zone.
3:41 of 1st period - Emil Bemstrom is hit by Jaycob Megna and loses puck.
3:45 of 1st period - Icing by Jaycob Megna.
3:46 of 1st period - Tomas Hertl wins face-off versus Peyton Krebs in BOSTON Bruins zone.
3:46 of 1st period - Blake Wheeler is hit by Peyton Krebs and loses puck.
3:55 of 1st period - Shot by Tomas Hertl.
3:55 of 1st period - Stopped by Carter Hart without a rebound.
3:56 of 1st period - Bo Horvat wins face-off versus Alexander Radulov in DALLAS Stars zone.
4:13 of 1st period - Shot by Alexander Radulov.
4:13 of 1st period - Goal by Alexander Radulov - BOSTON Bruins : 0 - DALLAS Stars : 1.
4:14 of 1st period - Tomas Hertl wins face-off versus Peyton Krebs in neutral zone.
4:25 of 1st period - Shot by Nathan Walker.
4:25 of 1st period - Deflect By Tomas Hertl.
4:25 of 1st period - Shot Misses the Net.
4:51 of 1st period - Shot by Tomas Hertl.
4:51 of 1st period - Shot Misses the Net.
5:06 of 1st period - Icing by Andrew Peeke.
5:07 of 1st period - Tomas Hertl wins face-off versus Nicklas Backstrom in BOSTON Bruins zone.
5:34 of 1st period - Shot by Shea Theodore.
5:34 of 1st period - Shot Blocked by Conor Timmins.
5:36 of 1st period - Shot by Shea Theodore.
5:36 of 1st period - Stopped by Carter Hart without a rebound.
5:37 of 1st period - Jesperi Kotkaniemi wins face-off versus Joel Eriksson Ek in DALLAS Stars zone.
6:01 of 1st period - Shot by Kirill Kaprizov.
6:01 of 1st period - Stopped by Carter Hart without a rebound.
6:02 of 1st period - Bo Horvat wins face-off versus Peyton Krebs in DALLAS Stars zone.
6:02 of 1st period - Victor Hedman is hit by Marc-Edouard Vlasic and loses puck.
6:06 of 1st period - Brad Marchand is hit by Marc-Edouard Vlasic and loses puck.
6:14 of 1st period - Brad Marchand is hit by Marc-Edouard Vlasic and loses puck.
6:17 of 1st period - Shot by Bo Horvat.
6:17 of 1st period - Stopped by Carter Hart without a rebound.
6:18 of 1st period - Paul Cotter wins face-off versus Joel Eriksson Ek in DALLAS Stars zone.
6:18 of 1st period - Paul Cotter is hit by Joel Eriksson Ek.
6:21 of 1st period - Icing by Ryan Suter.
6:22 of 1st period - Paul Cotter wins face-off versus Bo Horvat in DALLAS Stars zone.
6:51 of 1st period - Icing by Ryan Suter.
6:52 of 1st period - Joel Eriksson Ek wins face-off versus Paul Cotter in DALLAS Stars zone.
6:57 of 1st period - Shot by Kirill Kaprizov.
6:57 of 1st period - Goal by Kirill Kaprizov - BOSTON Bruins : 1 - DALLAS Stars : 1.
6:58 of 1st period - Joel Eriksson Ek wins face-off versus Peyton Krebs in neutral zone.
7:39 of 1st period - Off-side.
7:40 of 1st period - Bo Horvat wins face-off versus Emil Bemstrom in neutral zone.
9:06 of 1st period - Shot by Nicklas Backstrom.
9:06 of 1st period - Shot Blocked by Joel Eriksson Ek.
10:16 of 1st period - Icing by Matt Dumba.
10:17 of 1st period - Joel Eriksson Ek wins face-off versus Paul Cotter in BOSTON Bruins zone.
10:17 of 1st period - Joel Eriksson Ek is hit by Cal Clutterbuck.
10:23 of 1st period - Cal Clutterbuck is hit by Joel Eriksson Ek and loses puck.
10:29 of 1st period - Off-side.
10:30 of 1st period - Emil Bemstrom wins face-off versus Nathan Walker in neutral zone.
10:49 of 1st period - Shot by Blake Wheeler.
10:49 of 1st period - Shot Misses the Net.
11:59 of 1st period - Shot by Alexander Radulov.
11:59 of 1st period - Shot Misses the Net.
12:01 of 1st period - Shot by Nicklas Backstrom.
12:01 of 1st period - Shot Misses the Net.
12:10 of 1st period - Brad Marchand is hit by Patrik Nemeth.
12:36 of 1st period - Andrew Peeke is hit by Peyton Krebs and loses puck.
12:40 of 1st period - Icing by Andrew Peeke.
12:41 of 1st period - Adam Lowry wins face-off versus Paul Cotter in BOSTON Bruins zone.
12:41 of 1st period - Adam Lowry is hit by Cal Clutterbuck.
13:05 of 1st period - Off-side.
13:06 of 1st period - Joel Eriksson Ek wins face-off versus Jesperi Kotkaniemi in neutral zone.
13:09 of 1st period - Shot by Kirill Kaprizov.
13:09 of 1st period - Shot Blocked by Conor Timmins.
13:11 of 1st period - Shot by Joel Eriksson Ek.
13:11 of 1st period - Stopped by Carter Hart without a rebound.
13:12 of 1st period - Bo Horvat wins face-off versus Peyton Krebs in DALLAS Stars zone.
13:17 of 1st period - Shot by Adrian Kempe.
13:17 of 1st period - Shot Misses the Net.
13:33 of 1st period - Shot by Sonny Milano.
13:33 of 1st period - Shot Misses the Net.
13:44 of 1st period - Shot by Adrian Kempe.
13:44 of 1st period - Stopped by Carter Hart without a rebound.
13:45 of 1st period - Jesperi Kotkaniemi wins face-off versus Kirill Kaprizov in DALLAS Stars zone.
13:54 of 1st period - Shot by Joel Eriksson Ek.
13:54 of 1st period - Shot Hit the Post.
13:56 of 1st period - Shot by Kirill Kaprizov.
13:56 of 1st period - Deflect By Joel Eriksson Ek.
13:56 of 1st period - Stopped by Carter Hart without a rebound.
13:57 of 1st period - Tomas Hertl wins face-off versus Paul Cotter in DALLAS Stars zone.
13:58 of 1st period - Shot by Blake Wheeler.
13:58 of 1st period - Stopped by Carter Hart without a rebound.
13:59 of 1st period - Bo Horvat wins face-off versus Brendan Gallagher in DALLAS Stars zone.
14:01 of 1st period - Adrian Kempe is hit by Marc-Edouard Vlasic and loses puck.
14:11 of 1st period - Bo Horvat is hit by Marc-Edouard Vlasic.
14:16 of 1st period - Bo Horvat is hit by Marc-Edouard Vlasic.
14:29 of 1st period - Icing by Victor Hedman.
14:30 of 1st period - Peyton Krebs wins face-off versus Bo Horvat in BOSTON Bruins zone.
14:30 of 1st period - Viktor Arvidsson is hit by Victor Hedman and loses puck.
14:52 of 1st period - Icing by Ryan Suter.
14:53 of 1st period - Peyton Krebs wins face-off versus Joel Eriksson Ek in DALLAS Stars zone.
15:41 of 1st period - Jesperi Kotkaniemi is hit by Matt Dumba and loses puck.
17:20 of 1st period - Nicklas Backstrom is hit by Bo Horvat and loses puck.
17:27 of 1st period - Shot by Brad Marchand.
17:27 of 1st period - Shot Blocked by Patrik Nemeth.
18:23 of 1st period - Shot by Adam Lowry.
18:23 of 1st period - Shot Blocked by Patrik Nemeth.
18:37 of 1st period - Shot by Phil Kessel.
18:37 of 1st period - Stopped by Carter Hart with a rebound.
18:49 of 1st period - Shot by Kirill Kaprizov.
18:49 of 1st period - Shot Misses the Net.
19:31 of 1st period - Sean Walker is hit by Jaycob Megna and loses puck.
19:54 of 1st period - Shot by Tomas Hertl.
19:54 of 1st period - Shot Misses the Net.
Goals for this period are 1 for BOSTON Bruins vs 1 for DALLAS Stars.
Shots for this period are 11 for BOSTON Bruins vs 2 for DALLAS Stars.

2nd period


0:01 of 2nd period - Peyton Krebs wins face-off versus Brad Marchand in neutral zone.
0:06 of 2nd period - Minor Penalty to Peyton Krebs for Hooking.
0:07 of 2nd period - Bo Horvat wins face-off versus Paul Cotter in DALLAS Stars zone.
0:14 of 2nd period - Shot by Victor Hedman.
0:14 of 2nd period - Shot Blocked by Sean Walker.
0:22 of 2nd period - Shot by Bo Horvat.
0:22 of 2nd period - Stopped by Carter Hart without a rebound.
0:23 of 2nd period - Frank Vatrano wins face-off versus Paul Cotter in DALLAS Stars zone.
0:55 of 2nd period - Shot by Shea Theodore.
0:55 of 2nd period - Deflect By Frank Vatrano.
0:55 of 2nd period - Stopped by Carter Hart without a rebound.
0:56 of 2nd period - Bo Horvat wins face-off versus Paul Cotter in DALLAS Stars zone.
1:01 of 2nd period - Shot by Brad Marchand.
1:01 of 2nd period - Shot Misses the Net.
1:10 of 2nd period - Adrian Kempe is hit by Sean Walker and loses puck.
1:35 of 2nd period - Shot by Kirill Kaprizov.
1:35 of 2nd period - Stopped by Carter Hart without a rebound.
1:36 of 2nd period - Tomas Hertl wins face-off versus Sonny Milano in DALLAS Stars zone.
1:37 of 2nd period - Shot by Frank Vatrano.
1:37 of 2nd period - Shot Misses the Net.
1:45 of 2nd period - Shot by Shea Theodore.
1:45 of 2nd period - Stopped by Carter Hart without a rebound.
1:46 of 2nd period - Tomas Hertl wins face-off versus Paul Cotter in DALLAS Stars zone.
1:59 of 2nd period - Shot by Shea Theodore.
1:59 of 2nd period - Shot Misses the Net.
2:01 of 2nd period - Shot by Tomas Hertl.
2:01 of 2nd period - Stopped by Carter Hart with a rebound.
2:03 of 2nd period - Shot by Tomas Hertl.
2:03 of 2nd period - Stopped by Carter Hart without a rebound.
2:04 of 2nd period - Bo Horvat wins face-off versus Sonny Milano in DALLAS Stars zone.
2:18 of 2nd period - Icing by Sonny Milano.
2:19 of 2nd period - Bo Horvat wins face-off versus Peyton Krebs in DALLAS Stars zone.
2:24 of 2nd period - Shot by Brad Marchand.
2:24 of 2nd period - Stopped by Carter Hart without a rebound.
2:25 of 2nd period - Jesperi Kotkaniemi wins face-off versus Bo Horvat in DALLAS Stars zone.
2:53 of 2nd period - Shot by Brendan Gallagher.
2:53 of 2nd period - Shot Misses the Net.
3:03 of 2nd period - Shot by Emil Bemstrom.
3:03 of 2nd period - Stopped by Tristan Jarry without a rebound.
3:04 of 2nd period - Joel Eriksson Ek wins face-off versus Peyton Krebs in BOSTON Bruins zone.
3:33 of 2nd period - Shot by Matt Dumba.
3:33 of 2nd period - Stopped by Carter Hart without a rebound.
3:34 of 2nd period - Paul Cotter wins face-off versus Blake Wheeler in DALLAS Stars zone.
4:10 of 2nd period - Shot by Tomas Hertl.
4:10 of 2nd period - Shot Blocked by Andreas Johnsson.
4:42 of 2nd period - Shot by Sonny Milano.
4:42 of 2nd period - Stopped by Tristan Jarry without a rebound.
4:43 of 2nd period - Jesperi Kotkaniemi wins face-off versus Joel Eriksson Ek in BOSTON Bruins zone.
4:55 of 2nd period - Minor Penalty to Juuso Valimaki for Cross-checking.
4:56 of 2nd period - Bo Horvat wins face-off versus Paul Cotter in DALLAS Stars zone.
5:03 of 2nd period - Shot by Brad Marchand.
5:03 of 2nd period - Shot Misses the Net.
5:11 of 2nd period - Shot by Bo Horvat.
5:11 of 2nd period - Shot Misses the Net.
5:13 of 2nd period - Shot by Bo Horvat.
5:13 of 2nd period - Shot Misses the Net.
5:15 of 2nd period - Shot by Brad Marchand.
5:15 of 2nd period - Stopped by Carter Hart with a rebound.
5:55 of 2nd period - Brendan Gallagher is hit by Tomas Hertl and loses puck.
6:04 of 2nd period - Shot by Shea Theodore.
6:04 of 2nd period - Stopped by Carter Hart without a rebound.
6:05 of 2nd period - Frank Vatrano wins face-off versus Sonny Milano in DALLAS Stars zone.
6:06 of 2nd period - Shot by Shea Theodore.
6:06 of 2nd period - Shot Blocked by Marc-Edouard Vlasic.
6:58 of 2nd period - Shot by Jaycob Megna.
6:58 of 2nd period - Stopped by Carter Hart without a rebound.
6:59 of 2nd period - Adam Lowry wins face-off versus Jesperi Kotkaniemi in DALLAS Stars zone.
8:08 of 2nd period - Icing by Adam Lowry.
8:09 of 2nd period - Adam Lowry wins face-off versus Paul Cotter in BOSTON Bruins zone.
8:32 of 2nd period - Cal Clutterbuck is hit by Brad Marchand and loses puck.
9:18 of 2nd period - Cal Clutterbuck is hit by Kirill Kaprizov and loses puck.
9:48 of 2nd period - Icing by Patrik Nemeth.
9:49 of 2nd period - Nathan Walker wins face-off versus Paul Cotter in DALLAS Stars zone.
9:49 of 2nd period - Nathan Walker is hit by Sean Walker.
9:56 of 2nd period - Icing by Cal Clutterbuck.
9:57 of 2nd period - Tomas Hertl wins face-off versus Andreas Johnsson in DALLAS Stars zone.
10:50 of 2nd period - Shot by Adrian Kempe.
10:50 of 2nd period - Stopped by Carter Hart without a rebound.
10:51 of 2nd period - Peyton Krebs wins face-off versus Brad Marchand in DALLAS Stars zone.
10:56 of 2nd period - Juuso Valimaki is hit by Brad Marchand and loses puck.
11:36 of 2nd period - Shot by Adrian Kempe.
11:36 of 2nd period - Stopped by Carter Hart without a rebound.
11:37 of 2nd period - Jesperi Kotkaniemi wins face-off versus Joel Eriksson Ek in DALLAS Stars zone.
12:14 of 2nd period - Shot by Brendan Gallagher.
12:14 of 2nd period - Deflect By Jesperi Kotkaniemi.
12:14 of 2nd period - Shot Misses the Net.
12:18 of 2nd period - Shot by Brendan Gallagher.
12:18 of 2nd period - Shot Blocked by Andrew Peeke.
13:12 of 2nd period - Shot by Viktor Arvidsson.
13:12 of 2nd period - Shot Misses the Net.
13:59 of 2nd period - Shot by Ryan Suter.
13:59 of 2nd period - Shot Blocked by Victor Hedman.
14:17 of 2nd period - Shot by Adrian Kempe.
14:17 of 2nd period - Stopped by Carter Hart with a rebound.
15:30 of 2nd period - Blake Wheeler is hit by Sean Walker and loses puck.
15:52 of 2nd period - Alexander Radulov is hit by Michael Pezzetta and loses puck.
16:06 of 2nd period - Off-side.
16:07 of 2nd period - Adam Lowry wins face-off versus Peyton Krebs in neutral zone.
16:07 of 2nd period - Brad Hunt is hit by Sonny Milano and loses puck.
16:15 of 2nd period - Phil Kessel is hit by Peyton Krebs and loses puck.
16:32 of 2nd period - Sonny Milano is hit by Michael Pezzetta and loses puck.
16:44 of 2nd period - Peyton Krebs is hit by Jaycob Megna and loses puck.
17:10 of 2nd period - Shot by Cal Clutterbuck.
17:10 of 2nd period - Shot Misses the Net.
17:32 of 2nd period - Shot by Victor Hedman.
17:32 of 2nd period - Shot Misses the Net.
17:36 of 2nd period - Shot by Adrian Kempe.
17:36 of 2nd period - Stopped by Carter Hart with a rebound.
17:38 of 2nd period - Shot by Victor Hedman.
17:38 of 2nd period - Deflect By Bo Horvat.
17:38 of 2nd period - Shot Misses the Net.
17:40 of 2nd period - Shot by Brad Marchand.
17:40 of 2nd period - Shot Misses the Net.
18:19 of 2nd period - Icing by Tomas Hertl.
18:20 of 2nd period - Jesperi Kotkaniemi wins face-off versus Tomas Hertl in BOSTON Bruins zone.
18:20 of 2nd period - Emil Bemstrom is hit by Matt Dumba and loses puck.
18:21 of 2nd period - Minor Penalty to Matt Dumba for Slashing.
18:22 of 2nd period - Jesperi Kotkaniemi wins face-off versus Adam Lowry in BOSTON Bruins zone.
18:29 of 2nd period - Shot by Nicklas Backstrom.
18:29 of 2nd period - Stopped by Tristan Jarry without a rebound.
18:30 of 2nd period - Brad Marchand wins face-off versus Nicklas Backstrom in BOSTON Bruins zone.
19:05 of 2nd period - Shot by Viktor Arvidsson.
19:05 of 2nd period - Shot Misses the Net.
19:07 of 2nd period - Shot by Alexander Radulov.
19:07 of 2nd period - Shot Blocked by Shea Theodore.
19:09 of 2nd period - Shot by Jesperi Kotkaniemi.
19:09 of 2nd period - Shot Misses the Net.
19:11 of 2nd period - Shot by Viktor Arvidsson.
19:11 of 2nd period - Deflect By Jesperi Kotkaniemi.
19:11 of 2nd period - Stopped by Tristan Jarry without a rebound.
19:12 of 2nd period - Adam Lowry wins face-off versus Peyton Krebs in BOSTON Bruins zone.
19:28 of 2nd period - Shot by Alexander Radulov.
19:28 of 2nd period - Stopped by Tristan Jarry without a rebound.
19:29 of 2nd period - Adam Lowry wins face-off versus Peyton Krebs in BOSTON Bruins zone.
Goals for this period are 0 for BOSTON Bruins vs 0 for DALLAS Stars.
Shots for this period are 15 for BOSTON Bruins vs 5 for DALLAS Stars.

3rd period


0:01 of 3rd period - Nicklas Backstrom wins face-off versus Adam Lowry in neutral zone.
0:04 of 3rd period - Shot by Viktor Arvidsson.
0:04 of 3rd period - Shot Misses the Net.
0:06 of 3rd period - Shot by Juuso Valimaki.
0:06 of 3rd period - Goal by Juuso Valimaki - BOSTON Bruins : 1 - DALLAS Stars : 2.
0:07 of 3rd period - Bo Horvat wins face-off versus Peyton Krebs in neutral zone.
0:22 of 3rd period - Shot by Viktor Arvidsson.
0:22 of 3rd period - Goal by Viktor Arvidsson - BOSTON Bruins : 1 - DALLAS Stars : 3.
0:23 of 3rd period - Joel Eriksson Ek wins face-off versus Jesperi Kotkaniemi in neutral zone.
0:33 of 3rd period - Joel Eriksson Ek is hit by Marc-Edouard Vlasic and loses puck.
0:45 of 3rd period - Kirill Kaprizov is hit by Conor Timmins and loses puck.
1:43 of 3rd period - Shot by Sonny Milano.
1:43 of 3rd period - Shot Blocked by Bo Horvat.
1:49 of 3rd period - Shot by Victor Hedman.
1:49 of 3rd period - Shot Blocked by Juuso Valimaki.
2:18 of 3rd period - Icing by Victor Hedman.
2:19 of 3rd period - Bo Horvat wins face-off versus Paul Cotter in BOSTON Bruins zone.
2:38 of 3rd period - Shot by Blake Wheeler.
2:38 of 3rd period - Stopped by Carter Hart without a rebound.
2:39 of 3rd period - Joel Eriksson Ek wins face-off versus Nicklas Backstrom in DALLAS Stars zone.
2:43 of 3rd period - Icing by Marc-Edouard Vlasic.
2:44 of 3rd period - Joel Eriksson Ek wins face-off versus Nicklas Backstrom in DALLAS Stars zone.
3:33 of 3rd period - Marc-Edouard Vlasic is hit by Matt Dumba.
3:51 of 3rd period - Shot by Tomas Hertl.
3:51 of 3rd period - Shot Blocked by Marc-Edouard Vlasic.
4:19 of 3rd period - Shot by Peyton Krebs.
4:19 of 3rd period - Stopped by Tristan Jarry with a rebound.
4:22 of 3rd period - Viktor Arvidsson is hit by Jaycob Megna and loses puck.
4:28 of 3rd period - Icing by Brad Hunt.
4:29 of 3rd period - Jesperi Kotkaniemi wins face-off versus Blake Wheeler in BOSTON Bruins zone.
4:47 of 3rd period - Icing by Sean Walker.
4:48 of 3rd period - Bo Horvat wins face-off versus Jesperi Kotkaniemi in DALLAS Stars zone.
5:28 of 3rd period - Shot by Brad Marchand.
5:28 of 3rd period - Stopped by Carter Hart without a rebound.
5:29 of 3rd period - Peyton Krebs wins face-off versus Joel Eriksson Ek in DALLAS Stars zone.
5:34 of 3rd period - Andrew Peeke is hit by Viktor Arvidsson and loses puck.
5:43 of 3rd period - Shot by Peyton Krebs.
5:43 of 3rd period - Shot Misses the Net.
5:45 of 3rd period - Shot by Viktor Arvidsson.
5:45 of 3rd period - Deflect By Sonny Milano.
5:45 of 3rd period - Stopped by Tristan Jarry without a rebound.
5:46 of 3rd period - Paul Cotter wins face-off versus Tomas Hertl in BOSTON Bruins zone.
5:47 of 3rd period - Shot by Cal Clutterbuck.
5:47 of 3rd period - Stopped by Tristan Jarry without a rebound.
5:48 of 3rd period - Peyton Krebs wins face-off versus Joel Eriksson Ek in BOSTON Bruins zone.
6:05 of 3rd period - Shot by Joel Eriksson Ek.
6:05 of 3rd period - Stopped by Carter Hart with a rebound.
6:07 of 3rd period - Shot by Frank Vatrano.
6:07 of 3rd period - Stopped by Carter Hart without a rebound.
6:08 of 3rd period - Jesperi Kotkaniemi wins face-off versus Bo Horvat in DALLAS Stars zone.
6:08 of 3rd period - Brendan Gallagher is hit by Adrian Kempe and loses puck.
6:14 of 3rd period - Marc-Edouard Vlasic is hit by Victor Hedman and loses puck.
6:21 of 3rd period - Shot by Brendan Gallagher.
6:21 of 3rd period - Deflect By Jesperi Kotkaniemi.
6:21 of 3rd period - Goal by Jesperi Kotkaniemi - BOSTON Bruins : 1 - DALLAS Stars : 4.
6:22 of 3rd period - Joel Eriksson Ek wins face-off versus Peyton Krebs in neutral zone.
6:27 of 3rd period - Shot by Frank Vatrano.
6:27 of 3rd period - Shot Blocked by Ryan Suter.
6:43 of 3rd period - Shot by Viktor Arvidsson.
6:43 of 3rd period - Stopped by Tristan Jarry without a rebound.
6:44 of 3rd period - Jesperi Kotkaniemi wins face-off versus Bo Horvat in BOSTON Bruins zone.
6:55 of 3rd period - Shot by Adrian Kempe.
6:55 of 3rd period - Stopped by Carter Hart without a rebound.
6:56 of 3rd period - Joel Eriksson Ek wins face-off versus Peyton Krebs in DALLAS Stars zone.
7:55 of 3rd period - Shot by Brad Marchand.
7:55 of 3rd period - Stopped by Carter Hart without a rebound.
7:56 of 3rd period - Tomas Hertl wins face-off versus Jesperi Kotkaniemi in DALLAS Stars zone.
8:19 of 3rd period - Shot by Jesperi Kotkaniemi.
8:19 of 3rd period - Deflect By Brendan Gallagher.
8:19 of 3rd period - Shot Blocked by Shea Theodore.
8:25 of 3rd period - Shot by Emil Bemstrom.
8:25 of 3rd period - Stopped by Tristan Jarry without a rebound.
8:26 of 3rd period - Bo Horvat wins face-off versus Paul Cotter in BOSTON Bruins zone.
8:26 of 3rd period - Bo Horvat is hit by Cal Clutterbuck.
8:31 of 3rd period - Brad Hunt is hit by Cal Clutterbuck and loses puck.
8:45 of 3rd period - Shot by Brad Marchand.
8:45 of 3rd period - Stopped by Carter Hart without a rebound.
8:46 of 3rd period - Joel Eriksson Ek wins face-off versus Alexander Radulov in DALLAS Stars zone.
8:53 of 3rd period - Shot by Kirill Kaprizov.
8:53 of 3rd period - Deflect By Joel Eriksson Ek.
8:53 of 3rd period - Shot Misses the Net.
9:02 of 3rd period - Icing by Conor Timmins.
9:03 of 3rd period - Bo Horvat wins face-off versus Nicklas Backstrom in DALLAS Stars zone.
9:12 of 3rd period - Nicklas Backstrom is hit by Adrian Kempe and loses puck.
9:23 of 3rd period - Shot by Nicklas Backstrom.
9:23 of 3rd period - Stopped by Tristan Jarry without a rebound.
9:24 of 3rd period - Peyton Krebs wins face-off versus Joel Eriksson Ek in BOSTON Bruins zone.
9:47 of 3rd period - Shot by Joel Eriksson Ek.
9:47 of 3rd period - Deflect By Kirill Kaprizov.
9:47 of 3rd period - Stopped by Carter Hart without a rebound.
9:48 of 3rd period - Jesperi Kotkaniemi wins face-off versus Bo Horvat in DALLAS Stars zone.
9:48 of 3rd period - Emil Bemstrom is hit by Bo Horvat.
9:56 of 3rd period - Adrian Kempe is hit by Brendan Gallagher and loses puck.
10:12 of 3rd period - Marc-Edouard Vlasic is hit by Victor Hedman and loses puck.
11:03 of 3rd period - Viktor Arvidsson is hit by Matt Dumba and loses puck.
11:22 of 3rd period - Shot by Peyton Krebs.
11:22 of 3rd period - Stopped by Tristan Jarry without a rebound.
11:23 of 3rd period - Tomas Hertl wins face-off versus Paul Cotter in BOSTON Bruins zone.
11:29 of 3rd period - Minor Penalty to Patrik Nemeth for Holding.
11:30 of 3rd period - Bo Horvat wins face-off versus Paul Cotter in DALLAS Stars zone.
11:47 of 3rd period - Shot by Kirill Kaprizov.
11:47 of 3rd period - Shot Misses the Net.
11:49 of 3rd period - Shot by Victor Hedman.
11:49 of 3rd period - Deflect By Adrian Kempe.
11:49 of 3rd period - Shot Misses the Net.
11:51 of 3rd period - Shot by Adrian Kempe.
11:51 of 3rd period - Shot Misses the Net.
11:53 of 3rd period - Shot by Brad Marchand.
11:53 of 3rd period - Shot Misses the Net.
11:55 of 3rd period - Shot by Bo Horvat.
11:55 of 3rd period - Shot Misses the Net.
11:57 of 3rd period - Shot by Victor Hedman.
11:57 of 3rd period - Stopped by Carter Hart with a rebound.
11:59 of 3rd period - Shot by Kirill Kaprizov.
11:59 of 3rd period - Shot Misses the Net.
12:01 of 3rd period - Shot by Kirill Kaprizov.
12:01 of 3rd period - Stopped by Carter Hart with a rebound.
12:03 of 3rd period - Shot by Bo Horvat.
12:03 of 3rd period - Shot Misses the Net.
12:05 of 3rd period - Shot by Victor Hedman.
12:05 of 3rd period - Stopped by Carter Hart without a rebound.
12:06 of 3rd period - Frank Vatrano wins face-off versus Paul Cotter in DALLAS Stars zone.
12:15 of 3rd period - Shot by Tomas Hertl.
12:15 of 3rd period - Stopped by Carter Hart without a rebound.
12:16 of 3rd period - Frank Vatrano wins face-off versus Paul Cotter in DALLAS Stars zone.
12:23 of 3rd period - Aliaksei Protas is hit by Joel Eriksson Ek and loses puck.
12:40 of 3rd period - Brendan Gallagher is hit by Frank Vatrano and loses puck.
12:56 of 3rd period - Off-side.
12:57 of 3rd period - Bo Horvat wins face-off versus Sonny Milano in neutral zone.
13:06 of 3rd period - Shot by Victor Hedman.
13:06 of 3rd period - Stopped by Carter Hart without a rebound.
13:07 of 3rd period - Adrian Kempe wins face-off versus Paul Cotter in DALLAS Stars zone.
13:08 of 3rd period - Shot by Victor Hedman.
13:08 of 3rd period - Stopped by Carter Hart without a rebound.
13:09 of 3rd period - Paul Cotter wins face-off versus Bo Horvat in DALLAS Stars zone.
13:24 of 3rd period - Shot by Kirill Kaprizov.
13:24 of 3rd period - Shot Misses the Net.
13:26 of 3rd period - Shot by Bo Horvat.
13:26 of 3rd period - Stopped by Carter Hart without a rebound.
13:27 of 3rd period - Paul Cotter wins face-off versus Tomas Hertl in DALLAS Stars zone.
13:27 of 3rd period - Paul Cotter is hit by Tomas Hertl.
13:37 of 3rd period - Shot by Peyton Krebs.
13:37 of 3rd period - Shot Misses the Net.
14:10 of 3rd period - Shot by Phil Kessel.
14:10 of 3rd period - Shot Misses the Net.
14:12 of 3rd period - Shot by Michael Pezzetta.
14:12 of 3rd period - Goal by Michael Pezzetta - BOSTON Bruins : 2 - DALLAS Stars : 4.
14:13 of 3rd period - Bo Horvat wins face-off versus Jesperi Kotkaniemi in neutral zone.
14:16 of 3rd period - Shot by Shea Theodore.
14:16 of 3rd period - Stopped by Carter Hart without a rebound.
14:17 of 3rd period - Bo Horvat wins face-off versus Jesperi Kotkaniemi in DALLAS Stars zone.
14:20 of 3rd period - Shot by Bo Horvat.
14:20 of 3rd period - Shot Misses the Net.
14:22 of 3rd period - Shot by Shea Theodore.
14:22 of 3rd period - Shot Misses the Net.
14:24 of 3rd period - Shot by Shea Theodore.
14:24 of 3rd period - Shot Misses the Net.
14:26 of 3rd period - Shot by Victor Hedman.
14:26 of 3rd period - Stopped by Carter Hart without a rebound.
14:27 of 3rd period - Joel Eriksson Ek wins face-off versus Nicklas Backstrom in DALLAS Stars zone.
14:59 of 3rd period - Victor Hedman is hit by Nicklas Backstrom and loses puck.
15:22 of 3rd period - Kirill Kaprizov is hit by Peyton Krebs and loses puck.
16:24 of 3rd period - Brad Marchand is hit by Sean Walker and loses puck.
16:30 of 3rd period - Adrian Kempe is hit by Patrik Nemeth.
16:46 of 3rd period - Shot by Nathan Walker.
16:46 of 3rd period - Stopped by Carter Hart with a rebound.
17:16 of 3rd period - Shot by Tomas Hertl.
17:16 of 3rd period - Shot Blocked by Patrik Nemeth.
17:18 of 3rd period - Shot by Tomas Hertl.
17:18 of 3rd period - Deflect By Blake Wheeler.
17:18 of 3rd period - Shot Misses the Net.
17:54 of 3rd period - Phil Kessel is hit by Paul Cotter and loses puck.
18:08 of 3rd period - Minor Penalty to Matt Dumba for Tripping.
18:09 of 3rd period - Adam Lowry wins face-off versus Nicklas Backstrom in BOSTON Bruins zone.
18:17 of 3rd period - Icing by Ryan Suter.
18:18 of 3rd period - Adam Lowry wins face-off versus Peyton Krebs in DALLAS Stars zone.
18:23 of 3rd period - Shot by Brad Marchand.
18:23 of 3rd period - Shot Misses the Net.
18:36 of 3rd period - Adam Lowry is hit by Peyton Krebs and loses puck.
18:43 of 3rd period - Shot by Juuso Valimaki.
18:43 of 3rd period - Shot Misses the Net.
Goals for this period are 1 for BOSTON Bruins vs 3 for DALLAS Stars.
Shots for this period are 19 for BOSTON Bruins vs 10 for DALLAS Stars. Output by the SimonT Hockey Simulator (STHS) for Martin Benoit - Original Page W3C HTML5 Valid
Hockey Simulator - Hockey Simulation - Hockey Manager